Map: Old Republic LE

Players

Kimchi - Winner!

  • Race: Terran Terran
  • League: Diamond
  • Spawn Location: 7:00

A.I. 1 (Medium)

  • Race: Protoss Protoss
  • Spawn Location: 1:00

VOD

Have the link to the VOD?

Description

Time

  • Played on: April 24, 2026, 8:27 p.m.
  • Length: 7:02
Show
View Real Time Build Order
Export as new Build Order

Kimchi Terran - Winner!

Build Orders:  

Get SALT Encoding   

  12  0:01  SCV  
  13  0:13  SCV  
  14  0:17  Supply Depot  
  14  0:25  SCV  
  15  0:38  SCV  
  15  0:39  Barracks  
  16  0:46  Refinery  
  16  0:51  SCV  
  17  1:03  SCV  
  18  1:15  SCV  
  19  1:27  Barracks Tech Lab  
  19  1:31  Orbital Command  
  19  1:38  Supply Depot  
  19  1:46  Marauder  
  21  1:47  Concussive Shells  
  21  1:57  SCV  
  22  2:03  Command Center  
  22  2:09  SCV  
  22  2:11  Marauder  
  25  2:24  Barracks  
  25  2:28  Barracks  
  25  2:32  SCV  
  26  2:37  Marine  
  26  2:43  Stimpack  
  28  2:44  SCV  
  28  2:53  Supply Depot  
  28  2:56  SCV  
  28  2:57  Marine  
  30  3:08  SCV  
  31  3:13  Barracks Reactor  
  31  3:15  Barracks Tech Lab  
  31  3:16  Marine  
  32  3:20  SCV, Supply Depot  
  32  3:24  Orbital Command  
  33  3:32  Supply Depot  
  33  3:34  Marine  
  33  3:35  Marine  
  33  3:37  Combat Shield  
  36  3:41  SCV  
  36  3:46  Supply Depot  
  36  3:50  SCV  
  36  3:51  Marine x2  
  36  3:52  Marine  
  40  4:00  SCV  
  40  4:01  Marine  
  40  4:02  SCV  
  43  4:09  Marine x2  
  45  4:10  Marine  
  45  4:14  SCV  
  45  4:15  SCV  
  48  4:19  Marine  
  48  4:21  Factory  
  48  4:23  Engineering Bay  
  49  4:26  Marine x2, SCV  
  49  4:28  SCV, Marine  
  54  4:34  Refinery  
  54  4:36  Refinery  
  54  4:37  Marine  
  55  4:39  SCV  
  55  4:40  SCV  
  55  4:44  Marine x2  
  59  4:46  Marine  
  59  4:51  SCV  
  59  4:52  SCV  
  62  4:55  Marine  
  62  4:58  Terran Infantry Weapons Level 1  
  63  5:02  Marine  
  63  5:03  SCV  
  63  5:04  Marine x2  
  67  5:09  Starport  
  67  5:16  Factory Reactor  
  67  5:25  Command Center  
  67  5:27  Marine x3  
  70  5:28  Barracks x2, Marine  
  71  5:40  Supply Depot  
  71  5:41  SCV x2  
  72  5:44  Marine x2  
  72  5:45  Marine  
  72  5:46  Marine  
  65  6:02  Marine x3  
  68  6:04  Marine  
  69  6:13  Supply Depot, Medivac x2  
  69  6:14  Factory Tech Lab  
  69  6:17  Barracks Tech Lab  
  74  6:19  Barracks Reactor  
  74  6:20  Marine x3  
  74  6:22  Marine  
  77  6:38  Marine x3  
  80  6:40  Marine  
  80  6:43  Marine  
Show
View Real Time Build Order
Export as new Build Order

A.I. 1 (Medium) Protoss 

Build Orders: 1 Gate Expand 

Get SALT Encoding   

  12  0:00  Probe  
  13  0:13  Probe  
  14  0:19  Pylon  
  14  0:25  Probe  
  15  0:33  Probe  
  15  0:40  Gateway  
  15  0:41  Probe  
  17  1:08  Probe  
  17  1:11  Nexus  
  18  1:28  Pylon  
  18  1:29  Zealot  
  18  1:31  Assimilator  
  20  1:40  Cybernetics Core  
  20  1:42  Probe  
  21  1:54  Probe  
  22  2:03  Probe  
  22  2:05  Gateway  
  23  2:12  Assimilator  
  23  2:15  Stalker  
  23  2:18  Probe  
  23  2:20  Pylon  
  26  2:29  Warp Gate  
  26  2:30  Probe  
  27  2:43  Probe  
  28  2:45  Adept  
  30  2:55  Stalker  
  32  3:04  Assimilator  
  32  3:13  Stalker  
  32  3:17  Assimilator  
  34  3:26  Probe  
  35  3:29  Probe  
  35  3:32  Stalker  
  36  3:38  Probe  
  39  3:41  Probe  
  40  3:50  Probe  
  40  3:53  Sentry  
  40  3:54  Probe  
  44  3:57  Pylon  
  44  4:02  Probe  
  45  4:04  Probe  
  46  4:13  Probe  
  46  4:14  Probe  
  46  4:16  Stalker  
  50  4:23  Probe  
  50  4:26  Probe  
  50  4:29  Pylon  
  52  4:31  Probe  
  52  4:35  Zealot  
  55  4:38  Probe  
  55  4:40  Probe  
  57  4:50  Probe  
  58  4:53  Stalker  
  58  4:57  Pylon, Probe  
  61  5:03  Probe  
  62  5:08  Probe  
  62  5:12  Stalker  
  65  5:15  Probe  
  65  5:16  Probe  
  67  5:22  Pylon  
  67  5:25  Probe  
  68  5:30  Probe  
  68  5:31  Stalker  
  68  5:33  Probe  
  71  5:38  Forge  
  71  5:41  Robotics Facility  
  71  5:42  Probe  
  73  5:45  Probe  
  73  5:49  Stalker, Pylon  
  64  5:54  Probe  
  47  6:07  Probe  
  47  6:08  Sentry  
  47  6:10  Probe  
  32  6:19  Probe  
  31  6:26  Adept  
  31  6:31  Probe  
  25  6:43  Probe  
Tags
 
Add a new tag
Caveats
  • Supply blocks, unpowered buildings, or Contaminate may cause inaccurate times.
  • Supply counts are checked every 10 seconds.